 Dungeon Crawl Stone Soup version 0.31-a0-844-gdc52ec4e09 (webtiles) character file.

Game seed: 3844158023036959861

151 JackS81 the Chopper (level 5, -1/69 HPs)
             Began as a Hill Orc Chaos Knight on Sept 29, 2023.
             Was a Plaything of Xom.
             Slain by a water moccasin (12 damage)
             ... on level 3 of the Dungeon.
             The game lasted 00:08:08 (1937 turns).

JackS81 the Chopper (Hill Orc Chaos Knight)         Turns: 1937, Time: 00:08:09

Health: -1/69      AC: 22    Str: 17    XL:     5   Next: 33%
Magic:  14/14      EV:  2    Int: 12    God:    Xom [*.....]
Gold:   41         SH:  0    Dex: 10    Spells: 2/4 levels left

rFire   . . .        a - +0 hand axe (chaos)
rCold   . . .        (no shield)
rNeg    . . .        d - melded +0 ring mail
rPois   +            (helmet currently unavailable)
rElec   .            (cloak currently unavailable)
rCorr   .            (gloves currently unavailable)
SInv    .            (boots currently unavailable)
Will    .....        (no amulet)
Stlth   +            q - ring of magical power
HPRegen 0.31/turn    v - ring of flight
MPRegen 0.14/turn

%: no passive effects
@: lethally poisoned (-1 -> -8), tree-form, hasted, very quick
A: stationary, stasis, torment immunity, boosted hp
a: Renounce Religion


You were on level 3 of the Dungeon.
You worshipped Xom.
You were a special plaything of Xom.
You were a tree.
You visited 1 branch of the dungeon, and saw 3 of its levels.

You collected 71 gold pieces.
You spent 30 gold pieces at shops.

Inventory:

Hand Weapons
 a - a +0 hand axe of chaos (weapon)
 k - a +2 dagger of venom
 r - a +0 dagger of venom
 u - a +0 war axe
Armour
 b - a +2 leather armour
 d - a +0 ring mail (melded)
 m - a +0 pair of gloves
Jewellery
 q - a ring of magical power (left branch)
 v - a ring of flight (right branch)
Scrolls
 c - 2 scrolls of butterflies
 f - a scroll of vulnerability {unknown}
 h - a scroll of enchant armour {unknown}
 i - 2 scrolls of revelation {unknown}
 j - 4 scrolls of identify {unknown}
 n - 2 scrolls of fear {unknown}
 o - a scroll of teleportation {unknown}
 w - a scroll of poison {unknown}
Potions
 e - a potion of berserk rage {unknown}
 g - a potion of cancellation {unknown}
 l - a potion of curing {unknown}
 p - a potion of lignification
 s - a potion of might {unknown}
 t - a potion of resistance {unknown}


   Skills:
 + Level 4.2 Fighting
 * Level 6.2 Axes
 * Level 3.6 Armour
 - Level 0.7 Dodging
 * Level 0.1 Spellcasting
 * Level 0.2 Summonings
 * Level 0.1 Necromancy


You had 2 spell levels left.
You knew the following spells:

 Your Spells              Type           Power      Damage    Failure   Level
a - Summon Small Mammal   Summ           0%         N/A       30%         1
b - Necrotise             Necr           0%         1d4       30%         1

Your spell library contained the following spells:

 Spells                   Type           Power      Damage    Failure   Level
 Call Canine Familiar     Summ           0%         N/A       65%         3
 Summon Guardian Golem    Hex/Summ       0%         N/A       67%         3
 Vampiric Draining        Necr           0%         2d6       67%         3
 Gell's Gravitas          Tloc           0%         N/A       69%         3
 Teleport Other           Tloc           0%         N/A       69%         3
 Tukima's Dance           Hex            0%         N/A       69%         3
 Passage of Golubria      Tloc           0%         N/A       97%         4
 Agony                    Necr           0%         N/A       100%        5
 Yara's Violent Unravell  Hex/Tmut       0%         3d3       100%        5
 Dispersal                Tloc           0%         N/A       100%        6


Dungeon Overview and Level Annotations

Branches:
Dungeon (3/15)

Altars:

Shops:
D:1 ?!


Message History

You feel sick.
The water moccasin bites you but does no damage.
You closely miss the water moccasin.
The water moccasin is moderately wounded.
You feel sick. The water moccasin barely misses you.
You closely miss the water moccasin.
The water moccasin is moderately wounded.
You feel sick. The water moccasin bites you.
You slash the water moccasin!
The water moccasin seems to grow stronger.
The water moccasin is heavily wounded.
You feel sick. The water moccasin bites you!
You are lethally poisoned!
The water moccasin poisons you!
The howler monkey hoots and howls with incredible vigour!
You turn into a tree.
Your +0 ring mail melds into your body.
Your roots penetrate the ground.
You feel very sick.
The water moccasin bites you but does no damage.
You hit the water moccasin.
The water moccasin suddenly seems more agile.
Xom thinks this is hilarious!
The water moccasin is heavily wounded.
You feel sick.
The water moccasin bites you but does no damage.
You barely miss the water moccasin.
The water moccasin is heavily wounded.
You feel sick.
The water moccasin bites you but does no damage.
You miss the water moccasin.
The water moccasin is heavily wounded.
You feel sick.
Xom asks Qazlal to spice things up a little.
The water moccasin bites you.
* * * LOW HITPOINT WARNING * * *
You miss the water moccasin.
The water moccasin is heavily wounded.
You feel sick. The water moccasin bites you!
You die...
Xom thinks this is hilarious!

~## ##.# ##.#~#≈~~≈.## #.†#
# ##~~≈≈≈~~≈#≈≈###.#######
#.#≈≈≈≈≈~~##≈≈≈~#..#......
#h≈≈≈≈≈~~≈≈≈≈≈~...#......
##≈≈≈≈≈≈~≈≈≈≈≈≈≈≈#.#......
#≈≈≈~~#≈§~≈≈≈#~≈≈~.#......
##≈≈≈..~~§§§~#(~~≈~........
#..≈~....S♣§.().~~..#......
#..~≈≈.~~~§§§~[⌠.~~~##......
#.#~~~#$≈≈~~~~≈≈≈≈≈#.......#
.#≈≈≈#≈≈≈≈~~≈≈≈~##..####.#
^..~≈≈≈≈≈~~~~≈≈~†#..# .#
.(#≈#≈~~~~#≈~≈≈~...## . .
##~#≈~≈≈≈≈~~≈#...# #
##.≈~~~≈≈≈†##.#.......
#.##~~.~~##.#.#.......


You could see a water moccasin (strong, agile) and a howler monkey.

Vanquished Creatures
  Jessica (D:2)
  Robin (D:2)
  4 adders
  A river rat (D:3)
  2 worms (D:2)
  4 dart slugs (D:3)
  7 bats
  3 endoplasms (D:2)
  A giant cockroach (D:1)
  12 goblins
  9 hobgoblins
  A quokka (D:2)
  3 frilled lizards
  3 kobolds
  5 rats
57 creatures vanquished.

Notes
Turn   | Place    | Note
-------+----------+-------------------------------------------
     0 | D:1      | JackS81 the Hill Orc Chaos Knight began the quest for the
                  | Orb.
     0 | D:1      | Reached XP level 1. HP: 19/19 MP: 1/1
   117 | D:1      | Found The Oracle's Delphic Readings.
   360 | D:1      | XOM: butterfly on damage
   363 | D:1      | Reached XP level 2. HP: 15/27 MP: 2/2
   643 | D:1      | XOM is BORED!
   689 | D:1      | You fall into a shaft and drop 1 floor!
   700 | D:2      | XOM: 1-stop teleportation journey
   761 | D:2      | Reached skill level 5 in Axes
   761 | D:2      | Reached XP level 3. HP: 29/33 MP: 3/3
   806 | D:1      | Found Biese's Distillery.
   815 | D:1      | Bought a potion of lignification for 30 gold pieces
   864 | D:1      | XOM: draining
  1092 | D:2      | XOM is BORED!
  1117 | D:2      | Noticed Robin
  1124 | D:2      | XOM: confusion (+ monsters)
  1135 | D:2      | Reached XP level 4. HP: 22/39 MP: 4/4
  1139 | D:2      | Killed Robin
  1378 | D:2      | Found a faded altar of an unknown god.
  1388 | D:2      | Noticed Jessica
  1393 | D:2      | Killed Jessica
  1394 | D:2      | Reached skill level 6 in Axes
  1407 | D:2      | Learned a level 1 spell: Summon Small Mammal
  1409 | D:2      | Learned a level 1 spell: Necrotise
  1761 | D:3      | Reached XP level 5. HP: 38/46 MP: 5/5
  1904 | D:3      | XOM: polymorph dart slug -> river rat
  1920 | D:3      | Noticed a water moccasin
  1921 | D:3      | XOM: polymorph dart slug -> howler monkey
  1922 | D:3      | XOM: potion effect (haste)
  1936 | D:3      | XOM: fog
  1937 | D:3      | Slain by a water moccasin

Illustrated notes

Levels and vault maps discovered:
D:1:      tarquinn_simple_flora_water_a, layout_basic, serial_shops,
          nicolae_shop_tiny_glass, nicolae_nh_oracle_at_delphi
D:2:      cheibrodos_helix_gallery, layout_rooms,
          chequers_ecumenical_altar_lobes, kennysheep_generic_room_8,
          uniq_jessica, uniq_robin
D:3:      kennysheep_slugbush, layout_basic, minitemple, uniq_ijyb

Skill      XL: |  1  2  3  4 |
---------------+-------------+-----
Fighting       | 4 |  4.2
Axes           | 5 6 |  6.2
Armour         | 3 |  3.6
Dodging        | |  0.7
Spellcasting   | |  0.1
Summonings     | |  0.2
Necromancy     | |  0.1

Action                     |  1- 3 |  4- 6 || total
---------------------------+-------+-------++-------
  Melee: Hand axe          |    61 |    82 ||   143
         Punch             |       |     1 ||     1
    Use: Potion            |       |     1 ||     1
   Stab: Paralysed         |     1 |     2 ||     3
 Armour: Ring mail         |    39 |    43 ||    82
         Skin              |       |     5 ||     5
  Dodge: Dodged            |    36 |    30 ||    66

Table legend: (Time is in decaauts)
 A = Elapsed time spent in this place.
 B = Non-inter-level travel time spent in this place.
 C = Inter-level travel time spent in this place.
 D = Time resting spent in this place.
 E = Time spent auto-exploring this place.
 F = Levels seen in this place.
 G = Mean time per level.
                   A        B        C        D        E       F      G
               +--------+--------+--------+--------+--------+-----+--------+
         Total |   1935 |   1850 |     85 |      0 |   1356 |   3 |  645.0 |
       Dungeon |   1935 |   1850 |     85 |      0 |   1356 |   3 |  645.0 |
               +--------+--------+--------+--------+--------+-----+--------+

Top non-repeatable levels by time:
     D:1: 908 daAuts
     D:2: 829 daAuts
     D:3: 197 daAuts
